 Dungeon Crawl Stone Soup version 0.22-a0-469-gf26638a (webtiles) character file.

47 Amnesiac the Skirmisher (level 3, 0/20 HPs)
             Began as a Vine Stalker Berserker on June 11, 2018.
             Was a Follower of Trog.
             Succumbed to an adder's poison
             ... on level 2 of the Dungeon.
             The game lasted 00:02:26 (1144 turns).

Amnesiac the Skirmisher (Vine Stalker Berserker)    Turns: 1144, Time: 00:02:27

Health: 0/20       AC:  2    Str: 18 (20) XL:     3   Next: 70%
Magic:  4/4        EV: 12    Int:  6 (7)  God:    Trog [*.....]
Gold:   126        SH:  0    Dex: 11 (13) Spells: 2/2 levels left

rFire    x . .     SeeInvis .   a - +0 short sword
rCold    + . .     Gourm    .   (no shield)
rNeg     . . .     Faith    .   d - +0 animal skin
rPois    .         Spirit   +   (no helmet)
rElec    .         Reflect  .   (no cloak)
rCorr    .         Harm     .   (no gloves)
MR       .....                  (no boots)
Stlth    +.........             (no amulet)
HPRegen  0.06/turn              n - ring of ice
MPRegen  0.09/turn              o - ring of wizardry

@: lethally poisoned (0 -> -7), hasted, very quick
A: fangs 2, magic shield, antimagic bite, no potion heal 3, rot immunity
a: Berserk, Renounce Religion


You were on level 2 of the Dungeon.
You worshipped Trog.
Trog was aware of your devotion.
You were not hungry.

You visited 1 branch of the dungeon, and saw 2 of its levels.

You collected 126 gold pieces.

Inventory:

Hand Weapons
 a - a +0 short sword (weapon)
 b - a +1 hunting sling of freezing
Missiles
 h - 13 stones (quivered)
Armour
 d - a +0 animal skin (worn)
Jewellery
 n - a ring of ice (left hand)
 o - a ring of wizardry (right hand)
Scrolls
 e - a scroll of remove curse {!r, unknown}
 g - a scroll of fear {!r, unknown}
 k - a scroll of immolation {!r, unknown}
 l - 3 scrolls of identify {!r, unknown}
Comestibles
 c - a ration


   Skills:
 + Level 3.1 Fighting
 + Level 3.1 Short Blades
 + Level 2.1 Armour
 + Level 2.1 Dodging


You had 2 spell levels left.
You didn't know any spells.
Your spell library was empty.

Dungeon Overview and Level Annotations

Branches:
Dungeon (2/15)

Altars:


Innate Abilities, Weirdness & Mutations

You have extremely sharp teeth.
When hurt, damage is shared between your health and your magic reserves.
Your bite disrupts and absorbs the magic of your enemies.
Potions cannot restore your health.
You are immune to rotting.


Message History

The adder poisons you!
Firing (i - inventory)
h - 18 stones (quivered)
Press: ? - help, Shift-Dir - straight line, f/p - adder
Aim: an adder (almost dead)
You shoot a stone. The stone closely misses the adder.
You feel sick. The adder barely misses you. The adder bites you.
You are more poisoned.
The adder poisons you!
Firing (i - inventory)
h - 17 stones (quivered)
Press: ? - help, Shift-Dir - straight line, f/p - adder
Aim: an adder (almost dead)
You shoot a stone.
The stone hits the adder but does no damage.
The adder is almost dead.
You feel sick. The adder bites you.
* * * LOW HITPOINT WARNING * * *
You are more poisoned.
The adder poisons you!
Firing (i - inventory)
h - 16 stones (quivered)
Press: ? - help, Shift-Dir - straight line, f/p - adder
Aim: an adder (almost dead)
You shoot a stone. The stone closely misses the adder.
* * * LOW HITPOINT WARNING * * *
You feel sick. The adder barely misses you. The adder closely misses you.
Firing (i - inventory)
h - 15 stones (quivered)
Press: ? - help, Shift-Dir - straight line, f/p - adder
Aim: an adder (almost dead)
You shoot a stone. The stone barely misses the adder.
* * * LOW HITPOINT WARNING * * *
You feel sick. The adder barely misses you.
Firing (i - inventory)
h - 14 stones (quivered)
Press: ? - help, Shift-Dir - straight line, f/p - adder
Aim: an adder (almost dead)
You shoot a stone. The stone misses the adder.
* * * LOW HITPOINT WARNING * * *
You feel sick. The adder misses you. The adder bites you but does no damage.
Your +1 hunting sling of freezing stops glowing.
a - a +0 short sword (weapon)
* * * LOW HITPOINT WARNING * * *
You feel sick. The adder closely misses you.
You are too injured to fight recklessly!
You are too injured to fight recklessly!
You hit the adder.
You kill the adder!
Trog accepts your kill.
* * * LOW HITPOINT WARNING * * *
You feel sick.
Things that are here:
a stone; an adder corpse Really quaff
m - a grey potion {!q}?
It was a potion of haste {!q}.
You feel yourself speed up.
* * * LOW HITPOINT WARNING * * *
You feel sick.
You butcher the adder corpse.
Things that are here:
a stone; a chunk of flesh; an adder skeleton
Okay, then.
* * * LOW HITPOINT WARNING * * *
You feel sick.
* * * LOW HITPOINT WARNING * * *
You feel sick.
Things that are here:
a stone; 8 gold pieces You die...

#.......# ### #.#####.# ..#
#.# #.# #.# #.# #.# #.# #.#
#.# #.# #.# #.# #.# #.# #.#
#.# #.# #.#
############.######## #.#
#.# #>..@(....(..........
..#
#.#.###.####.#####.########
### #.#(...........
....#...... #.#
#.#####.####..#.##### #.#
#.# #.....#...#.#<..# #.#
#.# .........#.###.# #.#
#.# #.#.#...#.....# #.#
##.#####...#...####### #.#
#.....................


There were no monsters in sight!

Vanquished Creatures
  2 adders (D:2)
  A dart slug (D:2)
  2 leopard geckos
  2 ball pythons (D:1)
  3 giant cockroaches (D:1)
  3 hobgoblins
  2 jackals (D:2)
  A bat (D:1)
  A frilled lizard (D:1)
  4 goblins
  2 kobolds (D:1)
  4 rats
27 creatures vanquished.

Notes
Turn   | Place    | Note
-------+----------+-------------------------------------------
     0 | D:1      | Amnesiac the Vine Stalker Berserker began the quest for the Orb.
     0 | D:1      | Reached XP level 1. HP: 11/11 MP: 2/2
   201 | D:1      | Reached XP level 2. HP: 16/16 MP: 3/3
   634 | D:2      | Reached XP level 3. HP: 20/20 MP: 4/4
  1141 | D:2      | HP: 1/20 [poisoned by an adder]
  1144 | D:2      | Succumbed to an adder's poison

Vault maps used:
D:1:      sevenhm_arrival_forest_fort_large_4, serial_park_tiny_2
D:2:      minmay_crystal_room, nrook_loot_triangle

Skill      XL: |  1  2  3 |
---------------+----------+-----
Short Blades   | 3 |  3.1
Fighting       | 3 |  3.1
Dodging        | 2 |  2.1
Armour         | 2 |  2.1

Action                   || total
-------------------------++-------
Melee: Short sword       ||    34
       Bite              ||    11
 Fire: Hunting sling     ||    60
  Use: Potion            ||     3
  Eat: Chunk             ||     1
Armor: Animal skin       ||    11
Dodge: Dodged            ||    47

Table legend:
 A = Spawn XP
 B = Non-spawn XP
 C = Spawn XP percentage of total XP
 D = Spawn monster count
 E = Non-spawn monster count
 F = Spawn count percentage of total count
 G = Total turns spent on level
                    A         B        C        D         E        F      G
               +---------+---------+-------+---------+---------+-------+---------
         Total |       0 |      68 |   0.0 |       0 |      27 |   0.0 |  1144
               +---------+---------+-------+---------+---------+-------+---------
           D:1 |       0 |      24 |   0.0 |       0 |      16 |   0.0 |   546
           D:2 |       0 |      44 |   0.0 |       0 |      11 |   0.0 |   598
               +---------+---------+-------+---------+---------+-------+---------
